 Dungeon Crawl Stone Soup version 0.30-a0-465-g8901f6c8b5 (webtiles) character file.

Game seed: 2017107384898240773

73108 Carabas the Markself (level 15, -8/84 HPs)
             Began as a Deep Elf Necromancer on Dec 17, 2022.
             Was an Initiate of Gozag.
             Mangled by an eight-headed hydra (17 damage)
             ... on level 5 of the Lair of Beasts.
             The game lasted 04:22:31 (22920 turns).

Carabas the Markself (Deep Elf Necromancer)        Turns: 22920, Time: 04:22:33

Health: -8/84      AC: 19    Str:  4 (7)  XL:     15   Next: 3%
Magic:  35/35      EV: 16    Int: 22 (24) God:    Gozag
Gold:   2557       SH:  0    Dex: 13 (17) Spells: 27/43 levels left

rFire   + . .      SeeInvis .    y - +9 sling (chaos)
rCold   + + .      Faith    .    q - orb {light}
rNeg    + + .      Spirit   .    j - +3 leather armour
rPois   +          Reflect  .    h - +2 hat
rElec   +          Harm     .    S - +2 cloak of Vurog {rC+ Regen+}
rCorr   +          Rampage  .    r - +0 pair of gloves "Cudun" {+Blink}
Will    +....                    m - +2 pair of boots {Fly}
Stlth   ++........               A - amulet of the acrobat
HPRegen 1.14/turn                d - ring of Date {rN++ Slay+4}
MPRegen 0.24/turn                i - +4 ring of protection

@: resistant, on berserk cooldown, flying, slowed, glowing, invisible (but
backlit and visible), very slow
A: hooves 1, deterioration 1
a: Renounce Religion, Evoke Blink, Potion Petition, Call Merchant, Bribe Branch


You were on level 5 of the Lair of Beasts.
You worshipped Gozag.
Gozag was most pleased with you.
You visited 6 branches of the dungeon, and saw 23 of its levels.
You also visited: Bailey.

You collected 6335 gold pieces.
You spent 2017 gold pieces at shops.
You paid 1761 gold pieces to Gozag.

Inventory:

Hand Weapons
 y - a +9 sling of chaos (weapon)
 F - a +2 longbow of flaming
Missiles
 N - 4 stones
Armour
 h - a +2 hat (worn)
 j - a +3 leather armour (worn)
 m - a +2 pair of boots of flying (worn)
 q - an orb of light (worn)
 r - the +0 pair of gloves "Cudun" (worn) {+Blink}
   (You acquired it in a bailey)

   +Blink:    It lets you blink.
 v - an orb of mayhem
 S - the +2 cloak of Vurog (worn) {rC+ Regen+}
   (You bought it in a shop on level 7 of the Dungeon)

   rC:        It protects you from cold.
   Regen:     It increases your rate of health regeneration.
Magical Staves
 R - a staff of conjuration
Jewellery
 d - the ring of Date (left hand) {rN++ Slay+4}
   (You bought it in a shop on level 12 of the Dungeon)

   [ring of slaying]

   Slay:      It affects your accuracy & damage with ranged weapons and melee
   (+4).
   rN:        It greatly protects you from negative energy.
 e - a +4 ring of slaying
 g - a ring of poison resistance
 i - a +4 ring of protection (right hand)
 A - an amulet of the acrobat (around neck)
 D - a +6 ring of strength
 L - the amulet "Azucur" {Acrobat rCorr Str-4 Int+2}
   (You found it on level 12 of the Dungeon)

   [amulet of the acrobat]

   It increases your evasion while moving and waiting.
   Str:       It affects your strength (-4).
   Int:       It affects your intelligence (+2).
   rCorr:     It protects you from acid and corrosion.
 P - a ring of willpower
Wands
 l - a wand of paralysis (6)
 n - a wand of iceblast (1)
 B - a wand of polymorph (5)
 H - a wand of digging (3)
 W - a wand of flame (11)
Scrolls
 c - 4 scrolls of magic mapping
 k - 6 scrolls of poison
 s - 2 scrolls of brand weapon
 u - 3 scrolls of immolation
 x - 7 scrolls of teleportation
 C - 3 scrolls of enchant armour
 G - a scroll of fog {unknown}
 J - a scroll of vulnerability {unknown}
 K - 3 scrolls of amnesia
 O - a scroll of silence
 Q - a scroll of torment {unknown}
 T - a scroll of enchant weapon
 Y - a scroll of noise {unknown}
Potions
 a - a potion of heal wounds
 b - 4 potions of magic
 f - 3 potions of invisibility
 o - 2 potions of brilliance
 p - 8 potions of curing
 t - a potion of cancellation
 w - 2 potions of ambrosia
 E - 2 potions of might
 I - a potion of degeneration {unknown}
 M - 5 potions of attraction
 X - a potion of resistance
Miscellaneous
 z - a box of beasts
 Z - a tin of tremorstones (2/2)


   Skills:
 * Level 6.5 Fighting
 - Level 15.9 Ranged Weapons
 + Level 13.4 Dodging
 - Level 12.8 Stealth
 - Level 14.9 Spellcasting
 + Level 7.7 Conjurations
 - Level 12.4 Hexes
 - Level 8.8 Necromancy


You had 27 spell levels left.
You knew the following spells:

 Your Spells              Type           Power      Damage    Failure   Level
a - Necrotise             Necr           100%       1d9       1%          1
b - Passwall              Tmut/Erth      13%        N/A       10%         2
c - Slow                  Hex            100%       N/A       1%          1
d - Ensorcelled Hibernat  Hex/Ice        86%        N/A       1%          2
e - Vampiric Draining     Necr           53%        2d9       1%          3
f - Confusing Touch       Hex            63%        N/A       1%          3
g - Dispel Undead         Necr           53%        3d19      1%          4

Your spell library contained the following spells:

 Spells                   Type           Power      Damage    Failure   Level
 Foxfire                  Conj/Fire      100%       2x1d9     1%          1
 Shock                    Conj/Air       100%       1d9       1%          1
 Cigotuvi's Dreadful Rot  Necr/Pois/Air  58%        N/A       3%          2
 Hailstorm                Conj/Ice       33%        3d8       4%          3
 Stone Arrow              Conj/Erth      66%        3d11      4%          3
 Agony                    Necr           53%        N/A       4%          5
 Freeze                   Ice            64%        1d7       7%          1
 Sandblast                Erth           32%        2d9       7%          1
 Mephitic Cloud           Conj/Pois/Air  27%        N/A       7%          3
 Poisonous Vapours        Pois/Air       32%        N/A       10%         2
 Sticky Flame             Conj/Fire      33%        2d5       13%         4
 Frozen Ramparts          Ice            32%        1d5       21%         3
 Ignite Poison            Fire/Tmut/Pois 16%        N/A       21%         3
 Swiftness                Air            16%        N/A       21%         3
 Death Channel            Necr           26%        N/A       26%         6
 Fireball                 Conj/Fire      16%        3d8       36%         5
 Airstrike                Air            8%         2d(2-18)  54%         4
 Ice Form                 Ice/Tmut       16%        N/A       54%         4
 Manifold Assault         Tloc           16%        N/A       54%         4
 Summon Ice Beast         Ice/Summ       16%        N/A       54%         4
 Starburst                Conj/Fire      16%        6d6       90%         6
 Dispersal                Tloc           8%         N/A       100%        6
 Disjunction              Tloc           8%         N/A       100%        8
 Ignition                 Fire           8%         3d5       100%        8
 Animate Dead             Necr           Unusable   N/A       N/A         4
 Simulacrum               Ice/Necr       Unusable   N/A       N/A         6

Dungeon Overview and Level Annotations

Branches:
Dungeon (14/15)            Temple (1/1) D:6            Lair (5/5) D:10
 Shoals (1/4) Lair:2       Spider (1/4) Lair:2        Slime (0/5) Lair:4
    Orc (1/2) D:11         Bailey (visited)
 Vaults: D:13-14

Altars:
Ashenzari
Cheibriados
Dithmenos
Elyvilon
Fedhas
Gozag
Hepliaklqana
Kikubaaqudgha
Makhleb
Nemelex Xobeh
Okawaru
Qazlal
Ru
Sif Muna
Trog
Wu Jian
Xom
Yredelemnul
Zin
The Shining One
Jiyva

Shops:
D:2 (   D:7 **   D:9 *   D:12 =

Annotations:
Lair:4 exclusion: 4 oklob plants
Spider:1 Asterion
Orc:1 Josephine


Innate Abilities, Weirdness & Mutations

You have large cloven feet.
Your body sometimes deteriorates upon taking damage.


Message History

Your blood rage is quickly leaving you.
You are no longer berserk.
You are exhausted.
You feel yourself slow down.
The eight-headed hydra attacks as you move away!
The eight-headed hydra barely misses you.
The eight-headed hydra closely misses you.
The eight-headed hydra bites you but does no damage.
The eight-headed hydra completely misses you. x2
The eight-headed hydra misses you.
The eight-headed hydra barely misses you.
The eight-headed hydra completely misses you. x2
The eight-headed hydra closely misses you.
The eight-headed hydra misses you.
The eight-headed hydra completely misses you.
The eight-headed hydra bites you!
* * * LOW HITPOINT WARNING * * *
Your body deteriorates!
You feel weakened.
The eight-headed hydra completely misses you. x2
The eight-headed hydra bites you.
* * * LOW HITPOINT WARNING * * *
The eight-headed hydra closely misses you.
The eight-headed hydra misses you.
The eight-headed hydra completely misses you. x2
The eight-headed hydra barely misses you. x2
The eight-headed hydra bites you but does no damage. x2
You feel much better. The eight-headed hydra bites you!
The eight-headed hydra misses you. x2
The eight-headed hydra closely misses you. x2
The eight-headed hydra bites you but does no damage.
The eight-headed hydra bites you!
* * * LOW HITPOINT WARNING * * *
Your body deteriorates!
You feel clumsy.
The eight-headed hydra barely misses you.
The eight-headed hydra bites you but does no damage.
The eight-headed hydra bites you!
* * * LOW HITPOINT WARNING * * *
The eight-headed hydra completely misses you.
The eight-headed hydra bites you!
You die...
Your body crumbles into a pile of gold.

.........................# ##.#.#
############.##..........# #####
######......#########.
##.....####..##.. ##
##....^#.#..#.#. #..##
####.........P.... ##..#P#
########...#.............
#$...#.##.#.#.#.....#............
##....#.#......D@....#.......##..
.....$#........#...####.....##...
#$...#...#.#### #....#.....
###..####### #....#..... #..#
##......... #..... ..........
###.... ##..... ##.#.


You could see an eight-headed hydra (berserk, agile).

Vanquished Creatures
  Nessos (Lair:5)
  4 hydras
  3 catoblepae
  2 centaur warriors (D:14)
  4 boulder beetles
  2 two-headed ogres
  A tengu warrior (D:14)
  A fire crab (shapeshifter) (D:13)
  A lindwurm (Lair:2)
  2 orc knights (Bailey)
  A wolf spider (Lair:1)
  A spectral boulder beetle (D:12)
  2 ugly things (D:13)
  A deep elf pyromancer (D:14)
  2 oklob plants (Lair:1)
  An orc sorcerer (Bailey)
  5 cyclopes
  7 manticores
  A spectral centaur (D:12)
  A salamander (shapeshifter) (D:13)
  2 guardian serpents (shapeshifter) (D:14)
  A merfolk siren (Shoals:1)
  A black mamba (Lair:2)
  3 gargoyles
  11 cane toads
  Joseph (D:9)
  2 centaur skeletons (D:12)
  A kobold demonologist (Bailey)
  4 rime drakes
  2 unseen horrors
  12 komodo dragons
  An efreet (D:14)
  A merfolk (Shoals:1)
  A meliai (Lair:2)
  2 polar bears
  9 trolls
  4 blink frogs (Lair:3)
  8 slime creatures
  Prince Ribbit (D:8)
  A raiju (Lair:5)
  A snapping turtle (Lair:2)
  3 shadows
  2 vampires (D:12)
  2 centaur simulacra (D:12)
  11 flying skulls
  22 yaks
  8 wraiths
  A jumping spider (shapeshifter) (Lair:1)
  3 wyverns
  4 steam dragons
  4 basilisks
  3 redbacks
  6 wargs
  Menkaure (D:6)
  5 acid dragons
  8 vampire mosquitoes
  16 water moccasins
  A floating eye (D:14)
  4 hell hounds
  19 orc warriors
  8 black bears
  5 ice beasts
  A sky beast (D:7)
  A boulder beetle simulacrum (D:12)
  4 boggarts (D:14)
  6 centaurs
  20 wolves
  2 kobold brigands
  A phantom (D:5)
  Blork the orc (D:6)
  8 bullfrogs
  6 gnoll sergeants
  3 necrophages
  5 scorpions
  11 wights
  4 killer bees
  8 howler monkeys
  11 electric eels
  5 crimson imps (D:12)
  5 hounds
  2 jellies
  8 orc priests
  Crazy Yiuf (D:7)
  6 iguanas
  Ijyb (D:3)
  9 orc wizards
  4 hell rats (D:12)
  32 gnolls
  6 adders
  A shadow imp (D:12)
  6 white imps
  38 orcs
  5 ball pythons
  4 bats
  6 endoplasms
  A giant cockroach (D:2)
  16 goblins
  12 hobgoblins
  3 jackals (D:3)
  20 kobolds
  5 quokkas
  2 frilled lizards (D:2)
  3 rats
541 creatures vanquished.

Vanquished Creatures (collateral kills)
  2 spectral boulder beetles (D:12)
  2 oklob plants (Lair:4)
  Sigmund (D:4)
  2 shadows (D:12)
  A basilisk (D:12)
  2 wolves (Lair:3)
  A giant cockroach (D:2)
  A ball python (D:1)
  A frilled lizard (D:1)
  A rat (D:1)
14 creatures vanquished.

Vanquished Creatures (others)
  A boulder beetle (Lair:5)
  A rime drake (Lair:5)
  A cane toad (Lair:5)
  A troll (D:13)
  An orc (Bailey)
  16 fungi
  47 plants
68 creatures vanquished.

Grand Total: 623 creatures vanquished

Notes
Turn   | Place    | Note
-------+----------+-------------------------------------------
     0 | D:1      | Carabas the Deep Elf Necromancer began the quest for the
                  | Orb.
     0 | D:1      | Reached XP level 1. HP: 10/10 MP: 6/6
   246 | D:1      | Reached XP level 2. HP: 15/15 MP: 5/8
   247 | D:1      | Reached skill level 5 in Necromancy
   802 | D:2      | Reached XP level 3. HP: 19/19 MP: 6/10
   976 | D:2      | Found Ceuha's Weapon Shoppe.
  1222 | D:2      | Identified the +3 ring mail of Hysteria {Int+7 Dex+3}
  1503 | D:3      | Found an opulent altar of Gozag.
  1513 | D:3      | Became a worshipper of Gozag Ym Sagoz the Greedy
  1712 | D:3      | Reached XP level 4. HP: 24/24 MP: 9/11
  2331 | D:3      | Noticed Ijyb
  2407 | D:3      | Killed Ijyb
  2408 | D:3      | Reached skill level 1 in Hexes
  2774 | D:4      | Reached XP level 5. HP: 24/28 MP: 7/13
  2999 | D:4      | Found a hazy altar of Hepliaklqana.
  3191 | D:4      | Noticed Sigmund
  3244 | D:4      | Killed Sigmund
  3245 | D:4      | Reached skill level 5 in Spellcasting
  3245 | D:4      | Reached XP level 6. HP: 32/32 MP: 13/15
  3504 | D:4      | Noticed an orc warrior
  3511 | D:4      | Killed an orc warrior
  3512 | D:4      | Reached skill level 5 in Stealth
  3849 | D:5      | Entered Level 5 of the Dungeon
  3862 | D:5      | Found a shadowy altar of Dithmenos.
  4098 | D:5      | Noticed a water moccasin
  4109 | D:5      | Killed a water moccasin
  4110 | D:5      | Reached skill level 5 in Dodging
  4110 | D:5      | Reached XP level 7. HP: 36/36 MP: 11/17
  4233 | D:5      | Reached skill level 1 in Ranged Weapons
  4352 | D:5      | Identified the +3 ring mail of the Tundras {Dex+7}
  4493 | D:5      | Found a blossoming altar of Fedhas.
  4649 | D:5      | Found a white marble altar of Elyvilon.
  4721 | D:5      | Reached skill level 2 in Ranged Weapons
  4794 | D:5      | Reached skill level 3 in Ranged Weapons
  4794 | D:5      | Reached XP level 8. HP: 41/41 MP: 19/19
  5108 | D:6      | Reached skill level 4 in Ranged Weapons
  5213 | D:6      | Reached skill level 5 in Ranged Weapons
  5240 | D:6      | Noticed Blork the orc
  5247 | D:6      | Killed Blork the orc
  5269 | D:6      | Noticed Menkaure
  5271 | D:6      | Killed Menkaure
  5272 | D:6      | Reached skill level 6 in Ranged Weapons
  5369 | D:6      | Noticed a cyclops
  5377 | D:6      | Killed a cyclops
  5378 | D:6      | Reached XP level 9. HP: 32/45 MP: 20/20
  5443 | D:6      | Found a broken altar of Ashenzari.
  5626 | D:6      | Found a staircase to the Ecumenical Temple.
  5638 | Temple   | Entered the Ecumenical Temple
  5915 | D:6      | Reached skill level 7 in Ranged Weapons
  6395 | D:7      | Found Sebaerph's Antique Armour Boutique.
  6465 | D:7      | Identified the +0 ring mail of the Big Bang {Regen+ Slay+3}
  6500 | D:7      | Reached skill level 8 in Ranged Weapons
  6500 | D:7      | Reached skill level 10 in Stealth
  6523 | D:7      | Found Coemi's General Store.
  6532 | D:7      | Bought 3 stones for 4 gold pieces
  6532 | D:7      | Bought a scroll of identify for 28 gold pieces
  6532 | D:7      | Bought a scroll of identify for 28 gold pieces
  6532 | D:7      | Bought a scroll of teleportation for 42 gold pieces
  6532 | D:7      | Bought 3 poisoned darts for 16 gold pieces
  6715 | D:7      | Found Kuesur's Assorted Antiques.
  6725 | D:7      | Bought a scroll labelled TILIUL NUSUYTA for 26 gold pieces
  6725 | D:7      | Bought a tiny ruby amulet for 130 gold pieces
  6725 | D:7      | Bought a scroll of identify for 52 gold pieces
  6725 | D:7      | Bought a sedimented purple potion for 23 gold pieces
  6725 | D:7      | Bought a faintly glowing cloak for 247 gold pieces
  6725 | D:7      | Identified the +2 cloak of Vurog {rC+ Regen+} (You bought
                  | it in a shop on level 7 of the Dungeon)
  6945 | D:7      | Found a runed translucent door.
  6946 | D:7      | Noticed Crazy Yiuf
  6951 | D:7      | Killed Crazy Yiuf
  7280 | D:8      | Noticed Prince Ribbit
  7568 | D:8      | Reached XP level 10. HP: 50/50 MP: 21/21
  7686 | D:8      | Killed Prince Ribbit
  7687 | D:8      | Reached skill level 9 in Ranged Weapons
  7731 | D:8      | Reached skill level 10 in Dodging
  7890 | D:9      | Noticed Joseph
  7897 | D:9      | Killed Joseph
  8161 | D:9      | Found a flagged portal.
  8186 | D:9      | Noticed a two-headed ogre
  8191 | D:9      | Killed a two-headed ogre
  8192 | D:9      | Reached skill level 10 in Ranged Weapons
  8205 | Bailey   | Entered a bailey
  8421 | Bailey   | Noticed an orc knight
  8437 | Bailey   | Killed an orc knight
  8448 | Bailey   | Killed an orc knight
  8540 | Bailey   | Found an iron altar of Okawaru.
  8540 | Bailey   | Noticed an orc sorcerer
  8591 | Bailey   | Noticed a smoke demon
  8593 | Bailey   | Noticed a soul eater
  8654 | Bailey   | Reached skill level 11 in Ranged Weapons
  8736 | Bailey   | Acquired the +0 pair of gloves "Cudun" {+Blink}
  8923 | Bailey   | Reached XP level 11. HP: 54/54 MP: 22/22
  8961 | Bailey   | Identified the +4 war axe of the Fortifying Ass {vamp,
                  | *Noise rElec rC- Int+7}
  8988 | Bailey   | Killed an orc sorcerer
  9134 | Bailey   | Reached XP level 12. HP: 59/59 MP: 22/31
  9138 | Bailey   | Learned a level 2 spell: Passwall
  9140 | Bailey   | Learned a level 1 spell: Slow
  9143 | Bailey   | Learned a level 2 spell: Ensorcelled Hibernation
  9538 | D:9      | Found Vuaq Utz's Assorted Antiques.
  9545 | D:9      | Bought 2 inky potions for 43 gold pieces
  9545 | D:9      | Bought a scroll labelled UFUCUSKEMI for 24 gold pieces
  9545 | D:9      | Bought a potion of curing for 72 gold pieces
  9545 | D:9      | Bought a runed robe for 88 gold pieces
  9545 | D:9      | Bought a scroll of identify for 48 gold pieces
  9650 | D:10     | Entered Level 10 of the Dungeon
  9792 | D:10     | Learned a level 3 spell: Vampiric Draining
  9952 | D:10     | Reached skill level 5 in Hexes
 10014 | D:10     | Found a staircase to the Lair.
 10082 | D:10     | Reached skill level 12 in Ranged Weapons
 10358 | D:10     | Noticed a two-headed ogre
 10369 | D:10     | Killed a two-headed ogre
 10734 | Lair:1   | Entered Level 1 of the Lair of Beasts
 10862 | Lair:1   | Reached skill level 13 in Ranged Weapons
 11208 | Lair:1   | Reached skill level 14 in Ranged Weapons
 11410 | Lair:1   | Reached skill level 10 in Hexes
 11416 | Lair:1   | Learned a level 3 spell: Confusing Touch
 11421 | Lair:1   | Learned a level 4 spell: Dispel Undead
 11583 | Lair:1   | Found a blossoming altar of Fedhas.
 11777 | Lair:2   | Reached XP level 13. HP: 63/63 MP: 32/32
 11819 | Lair:2   | Found a hole to the Spider Nest.
 11829 | Lair:2   | You are sucked into a shaft and drop 2 floors!
 12446 | Lair:4   | Found a viscous altar of Jiyva.
 12580 | Lair:4   | Gained mutation: Your body sometimes deteriorates upon
                  | taking damage. [potion of mutation]
 12580 | Lair:4   | Gained mutation: You have supernaturally acute eyesight.
                  | (SInv) [potion of mutation]
 12580 | Lair:4   | Lost mutation: You have supernaturally acute eyesight.
                  | (SInv) [potion of mutation]
 12580 | Lair:4   | Gained mutation: You have large cloven feet. [potion of
                  | mutation]
 12669 | Lair:4   | Found a staircase to the Slime Pits.
 13385 | Lair:3   | Reached skill level 15 in Ranged Weapons
 13787 | Lair:2   | Found a staircase to the Shoals.
 14459 | Spider:1 | Entered Level 1 of the Spider Nest
 14459 | Spider:1 | Noticed Asterion
 14605 | Lair:5   | Entered Level 5 of the Lair of Beasts
 14605 | Lair:5   | Noticed Nessos
 15101 | Shoals:1 | Entered Level 1 of the Shoals
 16638 | D:11     | Found a staircase to the Orcish Mines.
 16655 | Orc:1    | Entered Level 1 of the Orcish Mines
 16655 | Orc:1    | Noticed Josephine
 16971 | D:13     | Reached skill level 1 in Conjurations
 17014 | D:13     | Reached XP level 14. HP: 53/68 MP: 34/34
 18225 | D:12     | Found Elauxem's Jewellery Shoppe.
 18228 | D:12     | Bought the ring of Date {rN++ Slay+4} for 1146 gold pieces
 18314 | D:12     | Reached skill level 1 in Fighting
 18526 | D:12     | Reached skill level 5 in Conjurations
 18723 | D:12     | Found an ancient bone altar of Kikubaaqudgha.
 19630 | D:12     | Identified the amulet "Azucur" {Acrobat rCorr Str-4 Int+2}
 20757 | D:14     | Reached skill level 5 in Fighting
 22371 | Lair:5   | Killed Nessos
 22769 | Lair:5   | Found the +7 mace of Variability {chain chaos}
 22790 | Lair:5   | Reached XP level 15. HP: 84/84 MP: 35/35
 22920 | Lair:5   | Mangled by an eight-headed hydra

Illustrated notes

Levels and vault maps discovered:
D:1:      wander_arrival_desolate, layout_rooms, chequers_serial_rivers_small_a,
          chequers_jeans
D:2:      layout_basic, serial_shops, nicolae_shop_waterfront
D:3:      kennysheep_goblin_castle, layout_rooms, mainiacjoe_overflow_paths,
          uniq_ijyb
D:4:      layout_basic, general_overflow_altar, nicolae_overflow_hidden_temple,
          minmay_small_thing, uniq_sigmund
D:5:      layout_basic, mainiacjoe_overflow_alcove_2, amcnicky_altar_gilded,
          mainiacjoe_overflow_boulevard
D:6:      layout_basic, ashenzari_altar_1, minmay_temple_entry_glassed_door,
          serial_curves, eino_curves_01, eino_curves_04, eino_curves_01,
          eino_curves_04, uniq_blork_the_orc, uniq_menkaure
D:7:      layout_loops_ring, serial_shops, shop, shop_fountains, shop_coins,
          uniq_crazy_yiuf_cottage
D:8:      layout_cave_pools, uniq_prince_ribbit1
D:9:      layout_loops_cross, enter_bailey_2, serial_shops, shop, uniq_joseph
D:10:     layout_roguey, erik_lair_island, minmay_circle_x
D:11:     layout_basic, david_orc_4
D:12:     lemuel_vampire_tower, layout_gridville, serial_shops,
          kennysheep_mini_moat, gauntlet_entry_generic, minivault_5,
          minmay_nine_imps
D:13:     layout_stronghold
D:14:     layout_basic, erik_vaults_1, amcnicky_mini_pool_small,
          onia_ninara_cookie
Temple:   hellmonk_temple_forest_ring
Lair:1:   layout_gridlike, hangedman_tree_tricks, minivault_27,
          nicolae_lair_run_with_the_wolves
Lair:2:   layout_concentric_octagons, minmay_shoals_entry_hut,
          hellmonk_spider_entry_not_the_bees, chequers_serial_rivers_marsh,
          chequers_serial_rivers_small_3, nicolae_lair_lindhole
Lair:3:   layout_loops_ring
Lair:4:   layout_gridlike, minmay_slime_entry_oklob_enclosed
Lair:5:   hangedman_lair_caniforms_friends, layout_gridlike,
          guppyfry_lair_end_dragon, uniq_nessos, uniq_rupert
Shoals:1: layout_shoals, nicolae_shop_self_help
Spider:1: layout_spider_delve, uniq_asterion
Orc:1:    layout_diamond_mine, dreamdust_deal_with_the_devil, mines1_david,
          uniq_josephine

Skill      XL: |  1  2  3  4  5  6  7  8  9 10 11 12 13 14 |
---------------+-------------------------------------------+-----
Necromancy     | 5 8 |  8.8
Stealth        | 3 4 5 6 9 10 12 | 12.8
Dodging        | 3 4 5 6 8 9 11 13 | 13.4
Spellcasting   | 4 5 6 13 14 | 14.9
Hexes          | 1 2 4 10 12 | 12.4
Ranged Weapons | 3 6 8 11 14 15 | 15.9
Conjurations   | 1 7 |  7.7
Fighting       | 6 |  6.5

Action                   |  1- 3 |  4- 6 |  7- 9 | 10-12 | 13-15 || total
-------------------------+-------+-------+-------+-------+-------++-------
 Fire: Sling             |       |       |   246 |   534 |  1195 ||  1975
 Cast: Necrotise         |    58 |    90 |     1 |       |       ||   149
Invok: Potion Petition   |       |       |       |       |     2 ||     2
Evoke: Wand              |       |       |       |       |     2 ||     2
       Box of beasts     |       |       |       |       |     1 ||     1
  Use: Potion            |       |     1 |     1 |     4 |    17 ||    23
       Scroll            |       |     6 |    12 |    10 |    23 ||    51
Armor: Robe              |     2 |       |       |       |       ||     2
       Leather armour    |     2 |     4 |       |       |    96 ||   102
       Ring mail         |       |    12 |    52 |    62 |    90 ||   216
Dodge: Dodged            |     4 |    18 |    56 |    93 |   387 ||   558

Table legend: (Time is in decaauts)
 A = Elapsed time spent in this place.
 B = Non-inter-level travel time spent in this place.
 C = Inter-level travel time spent in this place.
 D = Time resting spent in this place.
 E = Time spent auto-exploring this place.
 F = Levels seen in this place.
 G = Mean time per level.
                   A        B        C        D        E       F      G
               +--------+--------+--------+--------+--------+-----+--------+
         Total |  22803 |  18063 |   4740 |      0 |  10241 |  24 |  950.1 |
       Dungeon |  15834 |  12502 |   3332 |      0 |   7931 |  14 | 1131.0 |
        Temple |    155 |    130 |     25 |      0 |    120 |   1 |  155.0 |
          Lair |   5607 |   4240 |   1367 |      0 |   2133 |   5 | 1121.4 |
        Shoals |    120 |    104 |     16 |      0 |      0 |   1 |  120.0 |
   Spider Nest |      6 |      6 |      0 |      0 |      0 |   1 |    6.0 |
  Orcish Mines |      1 |      1 |      0 |      0 |      0 |   1 |    1.0 |
        Bailey |   1076 |   1076 |      0 |      0 |     57 |   1 | 1076.0 |
               +--------+--------+--------+--------+--------+-----+--------+

Top non-repeatable levels by time:
    D:12: 2127 daAuts
    D:13: 1776 daAuts
  Lair:1: 1509 daAuts
     D:4: 1279 daAuts
     D:5: 1254 daAuts
  Lair:4: 1157 daAuts
    D:10: 1121 daAuts
    D:14: 1100 daAuts
     D:7: 1087 daAuts
  Bailey: 1076 daAuts
    D:11: 1066 daAuts
     D:3: 1065 daAuts
  Lair:2: 1030 daAuts
  Lair:3: 992 daAuts
     D:6: 963 daAuts
